 Dungeon Crawl Stone Soup version 0.22.1-2-g9c5b331 (webtiles) character file.

373 rz the Chopper (level 6, -4/56 HPs)
             Began as a Minotaur Berserker on Dec 4, 2018.
             Was a Believer of Trog.
             Slain by Ijyb
             ... wielding a +3 dagger of electrocution
              (9 damage)
             ... on level 3 of the Dungeon.
             The game lasted 00:03:06 (2968 turns).

rz the Chopper (Minotaur Berserker)                 Turns: 2968, Time: 00:03:07

Health: -4/56      AC:  3    Str: 24    XL:     6   Next: 43%
Magic:  5/5        EV:  7    Int:  4    God:    Trog [**....]
Gold:   140        SH:  0    Dex:  9    Spells: 5/5 levels left

rFire    . . .     SeeInvis +   a - +0 hand axe
rCold    . . .     Gourm    .   (no shield)
rNeg     . . .     Faith    .   q - +2 plate armour {MR+}
rPois    .         Spirit   .   (helmet restricted)
rElec    .         Reflect  .   (no cloak)
rCorr    .         Harm     .   (no gloves)
MR       +++..                  d - +0 pair of boots
Stlth    ..........             (no amulet)
HPRegen  1.18/turn              h - ring of see invisible
MPRegen  0.09/turn              (no ring)

@: corroded, regenerating
A: retaliatory headbutt, horns 2
a: Berserk, Trog's Hand, Renounce Religion


You were on level 3 of the Dungeon.
You worshipped Trog.
Trog was pleased with you.
You were not hungry.

You visited 1 branch of the dungeon, and saw 3 of its levels.

You collected 140 gold pieces.

Inventory:

Hand Weapons
 a - a +0 hand axe (weapon)
Armour
 b - a +0 animal skin
 d - a +0 pair of boots (worn)
 q - a +2 plate armour of magic resistance (worn)
 z - a +0 large shield
Jewellery
 h - a ring of see invisible (left hand)
 u - an uncursed ring of stealth {unknown}
Scrolls
 f - a scroll of fear {unknown}
 g - a scroll of remove curse {unknown}
 k - 3 scrolls of identify {unknown}
 n - 2 scrolls of blinking {unknown}
 p - a scroll of noise {unknown}
 r - 4 scrolls of teleportation {unknown}
 t - a scroll of enchant armour {unknown}
 y - a scroll of magic mapping {unknown}
Potions
 e - 2 potions of agility {unknown}
 i - a potion of magic {unknown}
 j - 2 potions of heal wounds {unknown}
 l - 3 potions of curing {unknown}
 m - 2 potions of berserk rage {unknown}
 o - a potion of degeneration {unknown}
 s - a potion of haste {unknown}
 w - a potion of brilliance {unknown}
 x - a potion of mutation {unknown}
Comestibles
 c - 5 rations


   Skills:
 + Level 5.3 Fighting
 * Level 6.7 Axes
 + Level 4.5 Armour
 - Level 2.1 Dodging


You had 5 spell levels left.
You didn't know any spells.
Your spell library was empty.

Dungeon Overview and Level Annotations

Branches:
Dungeon (3/15)

Altars:
Ru
Uskayaw

Annotations:
D:2 1 runed door
D:3 Ijyb


Innate Abilities, Weirdness & Mutations

You reflexively headbutt those who attack you in melee.
You have a pair of horns on your head.


Message History

No target in view!
No target in view!
Ijyb the Twisted Goblin comes into view.
She is wielding a dagger of Ijyb shouts!
Ijyb is nearby!
Ijyb zaps a wand.
The bolt of acid hits you! The acid corrodes you!
You are splashed with acid!
The acid burns!
It is a wand of acid (7).
You are too injured to fight recklessly!
Your skin crawls.
You feel resistant to hostile enchantments.
You feel quite a bit more hungry.
Ijyb zaps a wand.
The bolt of acid hits you! The acid corrodes you!
You are splashed with acid!
The acid burns!
You are too injured to fight recklessly!
Ijyb zaps a wand.
The bolt of acid hits you! The acid corrodes you!
You are splashed with acid!
The acid burns!
* * * LOW HITPOINT WARNING * * *
Ijyb hits you with a dagger of electrocution.
* * * LOW HITPOINT WARNING * * *
You are electrocuted!
You die...

#...#..# #...#..#
#...##.# #...##..
######.. ### #.. ##...
#.# ......### #..
......g@###############.
........................
..###...#############...
#...# #... #...# #...
##### #... #... #...
#...


You could see Ijyb.

Vanquished Creatures
  Sigmund (D:2)
  A water moccasin skeleton (D:2)
  Jessica (D:3)
  Robin (D:3)
  3 adders
  2 oozes (D:2)
  3 worms
  5 dart slugs
  3 leopard geckos
  An orc (D:3)
  5 giant cockroaches
  15 goblins
  7 hobgoblins
  2 quokkas (D:2)
  5 bats
  4 frilled lizards
  6 kobolds
  9 rats
74 creatures vanquished.

Notes
Turn   | Place    | Note
-------+----------+-------------------------------------------
     0 | D:1      | rz the Minotaur Berserker began the quest for the Orb.
     0 | D:1      | Reached XP level 1. HP: 19/19 MP: 0/0
    69 | D:1      | Reached skill level 4 in Axes
    86 | D:1      | Reached XP level 2. HP: 27/27 MP: 1/1
   666 | D:1      | Reached XP level 3. HP: 30/33 MP: 2/2
   668 | D:1      | Reached ** piety under Trog
  1146 | D:2      | Found a sacrificial altar of Ru.
  1482 | D:2      | Reached skill level 5 in Axes
  1482 | D:2      | Reached XP level 4. HP: 31/41 MP: 3/3
  1777 | D:2      | Found a runed door.
  1893 | D:2      | Noticed Sigmund
  1908 | D:2      | Killed Sigmund
  1908 | D:2      | Reached skill level 5 in Fighting
  1908 | D:2      | Reached skill level 6 in Axes
  1908 | D:2      | Reached XP level 5. HP: 48/48 MP: 4/4
  1908 | D:2      | Reached XP level 6. HP: 56/56 MP: 5/5
  2016 | D:2      | Found a hide-covered altar of Uskayaw.
  2057 | D:2      | Noticed a dagger
  2058 | D:2      | Noticed a hand axe
  2458 | D:3      | Noticed Robin
  2473 | D:3      | Killed Robin
  2704 | D:3      | Noticed Jessica
  2710 | D:3      | Killed Jessica
  2964 | D:3      | Noticed Ijyb
  2968 | D:3      | Slain by Ijyb

Skill      XL: |  1  2  3  4 |
---------------+-------------+-----
Axes           | 4 5 6 |  6.7
Fighting       | 4 5 |  5.3
Armour         | 3 4 |  4.5
Dodging        | |  2.1

Action                   |  1- 3 |  4- 6 || total
-------------------------+-------+-------++-------
Melee: Hand axe          |    70 |   108 ||   178
       Headbutt          |    15 |    20 ||    35
Invok: Berserk           |     1 |     2 ||     3
       Trog's Hand       |       |     3 ||     3
 Stab: Sleeping          |     1 |       ||     1
  Eat: Chunk             |     2 |     8 ||    10
Armor: Animal skin       |     7 |     1 ||     8
       Plate armour      |       |    66 ||    66
Dodge: Dodged            |    45 |    23 ||    68
